 Dungeon Crawl Stone Soup version 0.27.0-1-g7a089689b8 (webtiles) character file.

Game seed: 3861096313135137758

149 avis the Chiller (level 5, -1/37 HPs)
             Began as a Barachi Ice Elementalist on Aug 14, 2021.
             Slain by a water moccasin zombie (5 damage)
             ... on level 3 of the Dungeon.
             The game lasted 00:20:42 (3231 turns).

avis the Chiller (Barachi Ice Elementalist)         Turns: 3231, Time: 00:20:42

Health: -1/37      AC: 10    Str: 10    XL:     5   Next: 31%
Magic:  7/9        EV: 12    Int: 15    God:
Gold:   52         SH:  0    Dex: 13    Spells: 3/10 levels left

rFire    . . .     SeeInvis .   a - +0 falchion (freeze)
rCold    . . .     Faith    .   (no shield)
rNeg     + . .     Spirit   .   s - +1 robe {rN+}
rPois    .         Reflect  .   (no helmet)
rElec    .         Harm     .   (no cloak)
rCorr    .         Rampage  .   (no gloves)
Will     .....                  i - +0 pair of boots
Stlth    ++........             (no amulet)
HPRegen  0.12/turn              (no ring)
MPRegen  0.11/turn              (no ring)

@: ice-armoured, slow
A: amphibious, slowness 1, strong legs 1, +LOS
a: Hop


You were on level 3 of the Dungeon.
You visited 1 branch of the dungeon, and saw 3 of its levels.

You collected 52 gold pieces.

Inventory:

Hand Weapons
 a - a +0 falchion of freezing (weapon)
 b - a +0 dagger of venom
 d - a +0 short sword
 e - a +0 hand axe
 g - a +0 rapier
 k - a +2 dagger of flaming
 w - a +0 hunting sling
Missiles
 c - 114 stones
 v - 12 poisoned darts
Armour
 f - a +0 leather armour
 i - a +0 pair of boots (worn)
 n - a +0 helmet
 s - a +1 robe of positive energy (worn)
Scrolls
 h - a scroll of fear {unknown}
 m - a scroll of noise {unknown}
 o - a scroll of teleportation {unknown}
 q - 3 scrolls of enchant armour {unknown}
 r - a scroll of blinking {unknown}
 t - 2 scrolls of identify {unknown}
Potions
 j - a potion of curing {unknown}
 l - a potion of mutation {unknown}
 p - 2 potions of ambrosia
 u - a potion of might {unknown}


   Skills:
 - Level 1.0 Fighting
 + Level 2.3 Dodging
 - Level 2.0 Stealth
 - Level 3.0 Spellcasting
 * Level 7.1 Ice Magic


You had 3 spell levels left.
You knew the following spells:

 Your Spells              Type           Power      Damage    Failure   Level
a - Freeze                Ice            92%        1d10      1%          1
o - Ozocubu's Armour      Ice            23%        N/A       3%          3
r - Frozen Ramparts       Ice            46%        1d6       3%          3

Your spell library contained the following spells:

 Spells                   Type           Power      Damage    Failure   Level
 Corpse Rot               Necr/Air       N/A        N/A       30%         2
 Poisonous Vapours        Pois/Air       4%         N/A       30%         2
 Gell's Gravitas          Tloc           1%         N/A       52%         3
 Lesser Beckoning         Tloc           1%         N/A       52%         3
 Teleport Other           Tloc           2%         N/A       52%         3
 Hailstorm                Conj/Ice       12%        3d5       43%         4
 Freezing Cloud           Conj/Ice/Air   4%         6-21      91%         5


Dungeon Overview and Level Annotations

Branches:
Dungeon (3/15)

Altars:


Innate Abilities, Weirdness & Mutations

You are amphibious.
You cover ground slowly.
You can hop short distances.
You have an extended range of vision and can be seen from far away.


Message History

The water moccasin zombie closely misses you.
The water moccasin zombie bites you.
* * * LOW HITPOINT WARNING * * *
Casting: Freeze (safe; 1% risk of failure)
Confirm with . or Enter, or press ? or * to list all spells.
A film of ice covers your body!
The water moccasin zombie barely misses you.
You hit the water moccasin zombie but do no damage.
The water moccasin zombie is moderately damaged.
The water moccasin zombie bites you.
* * * LOW HITPOINT WARNING * * *
You closely miss the water moccasin zombie.
The water moccasin zombie is moderately damaged.
The water moccasin zombie barely misses you.
You riposte.
You closely miss the water moccasin zombie.
The water moccasin zombie is moderately damaged.
The water moccasin zombie bites you but does no damage.
You slash the water moccasin zombie!
The water moccasin zombie is heavily damaged.
The water moccasin zombie completely misses you.
You hit the water moccasin zombie.
The water moccasin zombie is heavily damaged.
The water moccasin zombie closely misses you.
You riposte.
You hit the water moccasin zombie.
The water moccasin zombie is severely damaged.
The water moccasin zombie barely misses you.
You hit the water moccasin zombie.
The water moccasin zombie is almost destroyed.
The water moccasin zombie bites you but does no damage.
The water moccasin zombie bites you.
* * * LOW HITPOINT WARNING * * *
You hit the water moccasin zombie.
The water moccasin zombie is almost destroyed.
The water moccasin zombie bites you but does no damage.
You hit the water moccasin zombie.
The water moccasin zombie is almost destroyed.
The water moccasin zombie barely misses you.
The water moccasin zombie bites you.
You die...

####.####...# ##### #..
..........#.###...###.#
#.....## #.##.....##.#
##.##...###.#.......#.#
##†#...........)....#.#
#.†..#############..#.#
#†.#.# #...#.# #.##.#
.)##.#
#..#..#Z##....###
..##.# #..#
#..#@#......#
..##.##..##.
#..##...####
.....#..##...##..#.)##
#..#...##.($.....#..#
##...#..##w..##..#)<#
.#..###..##.##..##.##
....##.#..###..#.#.#
##..###)#..#..#.##.#
.....#.#.#...#†#.#.#


You could see a water moccasin zombie.

Vanquished Creatures
  An orc wizard (D:3)
  Robin (D:2)
  3 adders
  2 worms (D:2)
  A dart slug (D:3)
  3 orcs
  6 ball pythons
  4 endoplasms
  4 giant cockroaches
  19 goblins
  5 hobgoblins
  4 jackals
  5 quokkas
  2 kobolds
  9 rats
69 creatures vanquished.

Notes
Turn   | Place    | Note
-------+----------+-------------------------------------------
     0 | D:1      | avis the Barachi Ice Elementalist began the quest for the
                  | Orb.
     0 | D:1      | Reached XP level 1. HP: 13/13 MP: 3/3
   306 | D:1      | Reached skill level 5 in Ice Magic
   368 | D:1      | Reached XP level 2. HP: 17/19 MP: 1/5
   710 | D:1      | You fall into a shaft and drop 1 floor!
  1307 | D:1      | Reached XP level 3. HP: 24/24 MP: 5/7
  1330 | D:1      | Learned a level 3 spell: Frozen Ramparts
  1334 | D:1      | Learned a level 3 spell: Ozocubu's Armour
  1727 | D:2      | Noticed Robin
  1815 | D:2      | Reached skill level 6 in Ice Magic
  2089 | D:2      | Killed Robin
  2090 | D:2      | Reached XP level 4. HP: 20/30 MP: 3/8
  2167 | D:2      | Found a faded altar of an unknown god.
  3023 | D:3      | Reached skill level 1 in Fighting
  3023 | D:3      | Reached XP level 5. HP: 33/37 MP: 1/9
  3146 | D:3      | Reached skill level 7 in Ice Magic
  3231 | D:3      | Slain by a water moccasin zombie

Illustrated notes

Levels and vault maps discovered:
D:1:      minmay_arrival_floating_metal, layout_rooms, serial_aquarium,
          aquarium_bridge_straight [aquarium_subvault_bridge,
          aquarium_subvault_wall, aquarium_subvault_bridge,
          aquarium_subvault_wall], aquarium_window_corridor_2,
          aquarium_window_corner, aquarium_window_2, aquarium_view_2e
D:2:      layout_basic, hellmonk_ecumenical_altar_heavens_door, uniq_robin
D:3:      minmay_diamond_boxcup, layout_rooms, gammafunk_ghost_arena,
          corexii_leaking_fountain

Skill      XL: |  1  2  3  4  5 |
---------------+----------------+-----
Ice Magic      | 5 6 7 |  7.1
Spellcasting   | 3 |  3.0
Stealth        | 2 |  2.0
Fighting       | 1 |  1.0
Dodging        | |  2.3

Action                   |  1- 3 |  4- 6 || total
-------------------------+-------+-------++-------
Melee: Falchion          |       |    29 ||    29
       Dagger            |       |     3 ||     3
 Cast: Freeze            |    62 |    45 ||   107
       Ozocubu's Armour  |       |     1 ||     1
 Abil: Hop               |     1 |       ||     1
  Use: Potion            |       |     2 ||     2
 Stab: Sleeping          |       |     4 ||     4
Armor: Robe              |     1 |     6 ||     7
       Leather armour    |    16 |    10 ||    26
Dodge: Dodged            |    37 |    48 ||    85
       Rpst.: Falchion   |       |    10 ||    10
